 Dungeon Crawl Stone Soup version 0.28.0-43-g3370ac3207 (webtiles) character file.

Game seed: 2003026159432130779

21 pkoi the Insei (level 2, -1/24 HPs)
             Began as a Demigod Gladiator on Mar 25, 2022.
             Succumbed to a scorpion's poison
             ... on level 2 of the Dungeon.
             The game lasted 00:01:13 (1415 turns).

pkoi the Insei (Demigod Gladiator)                  Turns: 1415, Time: 00:01:14

Health: -1/24      AC:  7    Str: 15    XL:     2   Next: 45%
Magic:  4/4        EV: 11    Int: 10    God:
Gold:   26         SH:  0    Dex: 15    Spells: 1/1 levels left

rFire   . . .      SeeInvis .     - Unarmed
rCold   + . .      Faith    .   (no shield)
rNeg    . . .      Spirit   .   h - +1 ring mail {rC+}
rPois   .          Reflect  .   b - +0 helmet
rElec   .          Harm     .   (no cloak)
rCorr   .          Rampage  .   (no gloves)
Will    .....                   (no boots)
Stlth   +.........              (no amulet)
HPRegen 0.08/turn               (no ring)
MPRegen 0.09/turn               (no ring)

@: lethally poisoned (-1 -> -23), attractive
A: high MP 1, forlorn, divine attributes
a: no special abilities


You were on level 2 of the Dungeon.
You visited 1 branch of the dungeon, and saw 2 of its levels.

You collected 26 gold pieces.

Inventory:

Hand Weapons
 g - a +0 dagger
Missiles
 c - 3 throwing nets (quivered)
Armour
 a - a +0 leather armour
 b - a +0 helmet (worn)
 h - a +1 ring mail of cold resistance (worn)
Potions
 i - a potion of mutation


   Skills:
 - Level 1.7 Fighting
 - Level 1.7 Throwing
 - Level 2.6 Dodging
 + Level 3.6 Unarmed Combat


You had one spell level left.
You didn't know any spells.
Your spell library contained the following spells:

 Spells                   Type           Power      Damage    Failure   Level
 Iskenderun's Battlesphe  Conj           0%         2d6       100%        5
 Iron Shot                Conj/Erth      0%         9d1       100%        6
 Spellforged Servitor     Conj/Summ      0%         N/A       100%        7


Dungeon Overview and Level Annotations

Branches:
Dungeon (2/15)


Innate Abilities, Weirdness & Mutations

You have an increased reservoir of magic. (+10% MP)
You shall have no god before yourself.
Your divine heritage dramatically boosts your attributes as you level up.


Message History

You hit the scorpion but do no damage. The scorpion closely misses you.
You closely miss the scorpion.
The scorpion stings you but does no damage.
You barely miss the scorpion. The scorpion stings you.
* * * LOW HITPOINT WARNING * * *
You hit the scorpion but do no damage. The scorpion barely misses you.
Unknown command.
You aren't carrying any items that you can evoke.
The scorpion stings you.
* * * LOW HITPOINT WARNING * * *
As you read the scroll labelled ANTOER LAVO, it crumbles to dust.
It is a scroll of identify.
i - a potion of mutation The scorpion stings you.
* * * LOW HITPOINT WARNING * * *
You are lethally poisoned!
The scorpion poisons you!
As you read the scroll labelled GEEZUI DUV CET, it crumbles to dust.
Wisps of shadow whirl around you...
It was a scroll of summoning.
* * * LOW HITPOINT WARNING * * *
You feel very sick. The scorpion barely misses you.
It was a potion of curing.
You feel better. The scorpion stings you.
* * * LOW HITPOINT WARNING * * *
You are lethally poisoned!
The scorpion poisons you!
Your ball python bites the scorpion.
Your ball python closely misses the scorpion.
Your bat hits the scorpion.
It was a potion of attraction.
You feel attractive to monsters.
* * * LOW HITPOINT WARNING * * *
You feel very sick.
Your bat hits the scorpion but does no damage.
The scorpion stings you.
* * * LOW HITPOINT WARNING * * *
You are more poisoned.
The scorpion poisons you!
Your ball python barely misses the scorpion.
Your ball python closely misses the scorpion.
You die...

#.# #.# ... #.#
#$# # ##.## ..##
######S..###.....#
.......s........>#
######b@.###..)..#
..................
######...#####..##
##.....# #......#
#.†....# ####
##.#...##
...##†###.##
###.#.## ##<#


You could see a scorpion (ally target), a friendly bat (summoned) and a friendly
ball python (summoned).

Vanquished Creatures
  A dart slug (D:2)
  3 bats (D:1)
  An endoplasm (D:1)
  A giant cockroach (D:1)
  A goblin (D:1)
  2 hobgoblins
  2 quokkas (D:1)
  3 ball pythons
  A frilled lizard (D:2)
  A kobold (D:1)
  2 rats (D:1)
18 creatures vanquished.

Notes
Turn   | Place    | Note
-------+----------+-------------------------------------------
     0 | D:1      | pkoi the Demigod Gladiator began the quest for the Orb.
     0 | D:1      | Reached XP level 1. HP: 17/17 MP: 3/3
   214 | D:1      | Reached skill level 3 in Unarmed Combat
   642 | D:1      | Reached XP level 2. HP: 9/24 MP: 4/4
  1399 | D:2      | Noticed a scorpion
  1412 | D:2      | HP: 1/24 [poisoned by a scorpion]
  1415 | D:2      | Succumbed to a scorpion's poison

Illustrated notes

Levels and vault maps discovered:
D:1:      dpeg_arrival_long_road, layout_basic, kennysheep_doodads,
          item_on_display_a
D:2:      layout_loops_ring, shapermc_ecumenical_altar_totnotflames, basic_altar

Skill      XL: |  1 |
---------------+----+-----
Unarmed Combat | 3 |  3.6
Fighting       | |  1.7
Throwing       | |  1.7
Dodging        | |  2.6

Action                   || total
-------------------------++-------
Melee: Unarmed           ||    89
       Punch             ||     3
  Use: Scroll            ||     2
       Potion            ||     2
Armor: Leather armour    ||    21
       Ring mail         ||     8
Dodge: Dodged            ||    65
